 Dungeon Crawl Stone Soup version 0.24.0-13-gcf9b3192b9 (webtiles) character file.

Game seed: 14164193238953746476, levelgen mode: deterministic

1794 Monsterracer the Cutter (level 8, 0/43 HPs)
             Began as a Deep Elf Chaos Knight on Nov 5, 2019.
             Was a Believer of Okawaru.
             Succumbed to a soldier ant's poison
             ... on level 5 of the Dungeon.
             The game lasted 00:07:06 (6633 turns).

Monsterracer the Cutter (Deep Elf Chaos Knight)     Turns: 6633, Time: 00:07:06

Health: 0/43       AC:  8    Str: 11    XL:     8   Next: 82%
Magic:  12/12      EV: 13    Int: 16    God:    Okawaru [**....]
Gold:   86         SH:  8    Dex: 14    Spells: 7/7 levels left

rFire    + + .     SeeInvis .   m - +4 short sword (distort)
rCold    . . .     Gourm    .   q - +0 shield
rNeg     . . .     Faith    .   b - +2 leather armour
rPois    .         Spirit   .   (no helmet)
rElec    .         Reflect  .   a - +2 cloak
rCorr    .         Harm     .   i - +0 pair of gloves
MR       .....                  h - +0 pair of boots
Stlth    +.........             (no amulet)
HPRegen  0.14/turn              F - ring of protection from fire
MPRegen  0.13/turn              l - ring of protection from fire

@: lethally poisoned (0 -> -10), berserk cooldown, slowed, very slow
A: blink, blurry vision 1, deformed body, dopey 1, frail 1
a: Blink, Heroism, Renounce Religion


You were on level 5 of the Dungeon.
You worshipped Okawaru.
Okawaru was pleased with you.
You were not hungry.

You visited 1 branch of the dungeon, and saw 5 of its levels.

You collected 168 gold pieces.
You spent 82 gold pieces at shops.

Inventory:

Hand Weapons
 m - a +4 short sword of distortion (weapon)
   (You took it off a kobold on level 1 of the Dungeon)
Armour
 a - a +2 cloak (worn)
   (You found it on level 1 of the Dungeon)
 b - a +2 leather armour (worn)
 h - a +0 pair of boots (worn)
   (You found it on level 3 of the Dungeon)
 i - a +0 pair of gloves (worn)
   (You found it on level 4 of the Dungeon)
 j - a +0 leather armour of fire resistance
   (You found it on level 2 of the Dungeon)
 q - a +0 shield (worn)
   (You found it on level 2 of the Dungeon)
Jewellery
 l - a ring of protection from fire (right hand)
   (You found it on level 4 of the Dungeon)
 F - a ring of protection from fire (left hand)
   (You found it on level 3 of the Dungeon)
Wands
 s - a wand of random effects (19)
   (You found it on level 2 of the Dungeon)
 x - a wand of digging (9)
   (You took it off Dowan on level 4 of the Dungeon)
Scrolls
 o - a scroll of amnesia
 r - 2 scrolls of remove curse
 X - a scroll of blinking
Potions
 d - a potion of heal wounds
 e - 2 potions of curing
 n - a potion of invisibility {unknown}
 u - a potion of degeneration {unknown}
 w - a potion of ambrosia {unknown}
Comestibles
 c - 6 rations


   Skills:
 + Level 4.8 Fighting
 * Level 7.7 Short Blades
 - Level 0.7 Armour
 + Level 6.3 Dodging
 + Level 3.5 Shields
 + Level 3.1 Invocations


You had 7 spell levels left.
You didn't know any spells.
Your spell library contained the following spells:

 Spells                   Type           Power        Failure   Level  Hunger
 Pain                     Necr           #...         83%         1    ##.....
 Lesser Beckoning         Tloc           #.........   99%         3    ####...
 Recall                   Summ/Tloc      N/A          99%         3    ####...
 Regeneration             Chrm/Necr      #.........   99%         3    ####...
 Animate Dead             Necr           N/A          100%        4    #####..
 Simulacrum               Ice/Necr       #.........   100%        6    #######


Dungeon Overview and Level Annotations

Branches:
Dungeon (5/15)             Temple (0/1) D:4

Altars:
Dithmenos
Elyvilon
Fedhas
Nemelex Xobeh
Okawaru
Vehumet
Wu Jian
Xom
Yredelemnul
Zin
The Shining One

Shops:
D:5 ?

Annotations:
D:5 2 runed translucent doors


Innate Abilities, Weirdness & Mutations

You can translocate small distances at will.
Scrolls take you a little longer to read.
Armour fits poorly on your strangely shaped body.
You are dopey. (Int -2)
You are frail. (-10% HP)


Message History

You hit the water moccasin but do no damage.
Space bends around the water moccasin.
The water moccasin is moderately wounded.
You feel sick.
The water moccasin bites you but does no damage.
The soldier ant barely misses you.
You are too injured to fight recklessly!
You feel sick. The water moccasin closely misses you.
The crimson imp grins evilly.
You feel sick. The water moccasin bites you.
The water moccasin bites you but does no damage.
You feel sick.
The crimson imp blinks!
You block the water moccasin's attack.
You feel sick.
You feel sick. The water moccasin bites you.
* * * LOW HITPOINT WARNING * * *
You are more poisoned.
The water moccasin poisons you!
You feel sick.
You feel sick.
You feel sick. The water moccasin bites you!
* * * LOW HITPOINT WARNING * * *
You are more poisoned.
The water moccasin poisons you!
You feel better. The water moccasin barely misses you.
You gain the combat prowess of a mighty hero.
You block the water moccasin's attack. x2
Unknown command.
Really quaff
g - a potion of berserk rage {!q}?
A red film seems to cover your vision as you go berserk!
You feel yourself moving faster!
You feel mighty!
The soldier ant twitches its antennae in your direction.
The water moccasin bites you.
* * * LOW HITPOINT WARNING * * *
The crimson imp blinks!
You puncture the water moccasin!
Space warps horribly around the water moccasin!
You kill the water moccasin!
Okawaru accepts your kill.
Your base Dodging skill increases to level 6!
You hit the soldier ant.
Space bends around the soldier ant.
The soldier ant is moderately wounded.
You closely miss the soldier ant.
The soldier ant is moderately wounded.
You hit the soldier ant.
Space warps horribly around the soldier ant!
The soldier ant is severely wounded.
You block the soldier ant's attack.
You puncture the soldier ant!
You kill the soldier ant!
Okawaru accepts your kill.
The worker ant twitches its antennae in your direction.
You block the soldier ant's attack.
You see here a water moccasin corpse.
You puncture the soldier ant!
Space warps horribly around the soldier ant!!
The soldier ant is almost dead.
The soldier ant misses you.
You puncture the soldier ant!
You kill the soldier ant!
Okawaru accepts your kill.
Your Invocations skill increases to level 3!
Unknown command.
You puncture the soldier ant!
Space bends around the soldier ant.
The soldier ant is heavily wounded.
You puncture the soldier ant!
Space bends around the soldier ant.
You kill the soldier ant!
Okawaru accepts your kill.
The crimson imp blinks!
You miss the crimson imp.
The crimson imp blinks!
You see here a water moccasin corpse.
You feel a strong urge to attack something.
You are no longer berserk.
You are exhausted.
You feel yourself slow down.
You feel like a meek peon again. The worker ant bites you.
* * * LOW HITPOINT WARNING * * *
You are poisoned.
The worker ant poisons you!
You feel sick.
The worker ant bites you but does no damage.
You feel sick. The soldier ant stings you.
* * * LOW HITPOINT WARNING * * *
You feel sick.
You feel sick.
The soldier ant stings you but does no damage.
You see here an adder corpse.
Unknown command.
Unknown command.
You feel sick. You block the worker ant's attack.
The worker ant closely misses you. You block the soldier ant's attack.
You feel better.
The worker ant bites you but does no damage.
You block the soldier ant's attack. The soldier ant stings you!
* * * LOW HITPOINT WARNING * * *
You are lethally poisoned!
The soldier ant poisons you!
You die...

##########..#.....#.#####.#
#....#..[........#.#
#..........#.###.#.# #
#.......(..#.#.#.#.# ##
#....)####.#.#.#.#.# .##
#......# #.#...#.#.# ..#
#....Oa###.#.......# ..#
#......a...#.....### 5.#
#..†.##5#@....##.#
..######....##.####..#####
..†......(...#..##.......#
..##...♣♣♣...##.##...###.#
..##..♣♣♣♣♣..##.##.....#.#
..##.♣♣...♣♣.+...#...#.#.#
####.♣.._..♣.###.#...#.#.#
##8......♣#..#)....#...#
#....⌠._.♣#..#.....#.###


You could see a soldier ant, an ogre and a worker ant.

Vanquished Creatures
  3 soldier ants (D:5)
  Duvessa (D:4)
  2 water moccasins (D:4 D:5)
  A necrophage (D:5)
  An ice beast (D:5)
  Dowan (D:4)
  A scorpion (D:4)
  A water moccasin skeleton (D:4)
  3 orc priests (D:2 D:3 D:4)
  3 orc wizards (D:2 D:4)
  5 worker ants (D:4 D:5)
  A gnoll (D:1)
  9 adders (D:2 D:3 D:4 D:5)
  3 oozes (D:1 D:4)
  3 worms (D:3 D:4)
  3 dart slugs (D:3 D:4)
  4 leopard geckos (D:2 D:3 D:4)
  8 orcs (D:2 D:3 D:4 D:5)
  9 bats (D:1 D:2 D:3)
  8 giant cockroaches (D:1 D:3 D:4)
  9 hobgoblins (D:1 D:2 D:3)
  4 jackals (D:1 D:4)
  3 quokkas (D:1 D:4)
  A ball python (D:1)
  6 frilled lizards (D:1 D:2 D:3 D:5)
  7 goblins (D:1 D:2 D:3)
  A jackal zombie (D:5)
  10 kobolds (D:1 D:3)
  A leopard gecko skeleton (D:4)
  6 rats (D:1 D:2)
  A spectral orc (D:5)
119 creatures vanquished.

Vanquished Creatures (others)
  A soldier ant (D:5)
  2 phantoms (D:4 D:5)
  An ogre (D:4)
  An orc wizard (D:3)
  A worker ant (D:5)
  A bat (D:3)
  A goblin (D:2)
  2 hobgoblins (D:1 D:2)
  2 plants (D:4)
12 creatures vanquished.

Grand Total: 131 creatures vanquished

Notes
Turn   | Place    | Note
-------+----------+-------------------------------------------
     0 | D:1      | Monsterracer the Deep Elf Chaos Knight began the quest for
                  | the Orb.
     0 | D:1      | Reached XP level 1. HP: 13/13 MP: 3/3
    26 | D:1      | XOM: harmless Tmut miscast
    30 | D:1      | HP: 6/13 [kobold (2)]
    38 | D:1      | Reached XP level 2. HP: 7/18 MP: 4/4
   277 | D:1      | HP: 6/18 [goblin/+0 club (4)]
   485 | D:1      | XOM: enchant monster (good)
   510 | D:1      | XOM: polymorph kobold -> quokka
   658 | D:1      | Reached XP level 3. HP: 22/22 MP: 5/5
   783 | D:1      | XOM: polymorph jackal -> gnoll
   787 | D:1      | HP: 10/22 [gnoll (4)]
   800 | D:1      | HP: 8/22 [jackal (3)]
   807 | D:1      | Reached skill level 4 in Short Blades
  1053 | D:2      | XOM: stealth player
  1056 | D:2      | XOM: confusion
  1135 | D:2      | XOM: swap monsters
  1218 | D:2      | Reached XP level 4. HP: 27/27 MP: 6/6
  1321 | D:2      | Found a radiant altar of Vehumet.
  1339 | D:2      | Found a sparkling altar of Nemelex Xobeh.
  1425 | D:2      | Found a shimmering altar of Xom.
  1438 | D:2      | Found a shadowy altar of Dithmenos.
  1478 | D:2      | You fall into a shaft and drop 1 floor!
  1478 | D:3      | XOM: cleaving
  1549 | D:2      | XOM: cleaving
  1551 | D:2      | HP: 11/28 [orc priest/divine providence (17)]
  1566 | D:2      | HP: 6/28 [orc wizard/puff of frost (2)]
  1852 | D:2      | Reached XP level 5. HP: 29/32 MP: 7/7
  2020 | D:3      | XOM: fog
  2025 | D:3      | Reached skill level 1 in Shields
  2031 | D:3      | HP: 8/32 [orc wizard/magic dart (11)]
  2036 | D:3      | HP: 5/32 [goblin/+0 club (2)]
  2451 | D:3      | Reached skill level 5 in Short Blades
  2572 | D:3      | Found an ornate altar of the Wu Jian Council.
  2573 | D:3      | XOM: 8-stop teleportation journey
  2878 | D:3      | XOM: 3-stop teleportation journey
  3077 | D:3      | XOM: scenery: create altars
  3104 | D:3      | Reached XP level 6. HP: 37/37 MP: 8/8
  3119 | D:3      | Found a faded altar of an unknown god.
  3417 | D:4      | Found an iron altar of Okawaru.
  3432 | D:4      | XOM: scenery: create altars
  3437 | D:4      | Fell from the grace of Xom
  3437 | D:4      | Became a worshipper of Warmaster Okawaru
  3974 | D:4      | XOM: give mutations
  3974 | D:4      | Gained mutation: Armour fits poorly on your strangely
                  | shaped body. [Xom's mischief]
  3974 | D:4      | Gained mutation: You are dopey. (Int -2) [Xom's mischief]
  4069 | D:4      | Found a staircase to the Ecumenical Temple.
  4121 | D:4      | Reached XP level 7. HP: 41/42 MP: 9/9
  4202 | D:4      | Noticed Dowan
  4203 | D:4      | Noticed Duvessa
  4209 | D:4      | Killed Duvessa
  4209 | D:4      | Reached * piety under Okawaru
  4209 | D:4      | Reached skill level 6 in Short Blades
  4210 | D:4      | Reached skill level 5 in Dodging
  4216 | D:4      | HP: 15/42 [Dowan/shard of ice (19)]
  4218 | D:4      | Killed Dowan
  4221 | D:4      | HP: 13/43 [poisoned by Dowan]
  4229 | D:4      | HP: 11/43 [poisoned by Dowan]
  4237 | D:4      | HP: 10/43 [poisoned by Dowan]
  4328 | D:4      | HP: 20/43 [adder (2)]
  4333 | D:4      | HP: 11/43 [poisoned by an adder]
  4339 | D:4      | HP: 8/43 [poisoned by an adder]
  4346 | D:4      | HP: 6/43 [poisoned by an adder]
  4353 | D:4      | HP: 5/43 [poisoned by an adder]
  4361 | D:4      | HP: 4/43 [poisoned by an adder]
  5169 | D:5      | Entered Level 5 of the Dungeon
  5295 | D:5      | Identified the Incunabulum of the Voyage and Evil
  5350 | D:5      | Found a white marble altar of Elyvilon.
  5351 | D:5      | Found a glowing silver altar of Zin.
  5352 | D:5      | Found a glowing golden altar of the Shining One.
  5457 | D:5      | Found a runed translucent door.
  5460 | D:5      | Found a runed translucent gate.
  5462 | D:5      | Found the +9 staff of Olgreb {rPois}
  5465 | D:5      | Found a runed translucent door.
  5485 | D:5      | Found a runed translucent gate.
  5485 | D:5      | Found a runed translucent gate.
  5489 | D:5      | XOM: give mutations
  5489 | D:5      | Gained mutation: Scrolls take you a little longer to read.
                  | [Xom's mischief]
  5489 | D:5      | Gained mutation: You can translocate small distances at
                  | will. [Xom's mischief]
  5489 | D:5      | Gained mutation: You are frail. (-10% HP) [Xom's mischief]
  5548 | D:5      | Reached skill level 1 in Invocations
  5568 | D:5      | Reached XP level 8. HP: 43/43 MP: 10/10
  5583 | D:5      | Found Toxucut's Magic Scroll Boutique.
  5614 | D:5      | Bought a scroll of blinking for 82 gold pieces
  5642 | D:5      | Found a blossoming altar of Fedhas.
  5681 | D:5      | XOM: mild Pois miscast
  5830 | D:5      | XOM: medium Hex miscast
  5867 | D:5      | Found a basalt altar of Yredelemnul.
  6056 | D:5      | HP: 17/43 [water moccasin (8)]
  6061 | D:5      | HP: 11/43 [poisoned by a water moccasin]
  6084 | D:4      | Reached skill level 7 in Short Blades
  6586 | D:5      | XOM: noise
  6599 | D:5      | HP: 21/43 [water moccasin (2)]
  6602 | D:5      | HP: 9/43 [water moccasin (9)]
  6610 | D:5      | Reached ** piety under Okawaru
  6622 | D:5      | HP: 13/43 [worker ant (2)]
  6627 | D:5      | HP: 6/43 [poisoned by a worker ant]
  6632 | D:5      | HP: 2/43 [soldier ant (10)]
  6633 | D:5      | Succumbed to a soldier ant's poison

Levels and vault maps discovered:
D:1:      dpeg_arrival_shelter, layout_rooms
D:2:      layout_rooms, grunt_dithmenos_smoke, xom_butterflies,
          grunt_temple_overflow_open
D:3:      layout_loops_ring, nicolae_overflow_hidden_temple,
          chequers_ecumenical_altar_grove
D:4:      layout_layer_cave, lemuel_crystal_altar,
          minmay_temple_entry_crystal_x, serial_bayou, serial_bayou_pond_b,
          serial_bayou_pond_e, serial_bayou_pond_d, serial_bayou_lagoon_a,
          first_ration, uniq_duvessa
D:5:      layout_basic, good_gods_temple_1, kennysheep_little_box,
          yredelemnul_forgotten_temple_becter, serial_shops, shop,
          minmay_guarded_unrand_staff_of_olgreb

Skill      XL: |  1  2  3  4  5  6  7  8 |
---------------+-------------------------+-----
Dodging        | 3 4 5 6 |  6.3
Short Blades   | 4 5 6 7 |  7.7
Fighting       | 3 4 |  4.8
Shields        | 1 2 3 |  3.5
Invocations    | 1 3 |  3.1
Armour         | |  0.7

Action                   |  1- 3 |  4- 6 |  7- 9 || total
-------------------------+-------+-------+-------++-------
Melee: Short sword       |   116 |   163 |   143 ||   422
Invok: Heroism           |       |       |     2 ||     2
  Use: Scroll            |     1 |     8 |     7 ||    16
       Potion            |       |     1 |     6 ||     7
 Stab: Petrified         |     2 |       |       ||     2
       Paralysed         |     1 |       |       ||     1
       Sleeping          |       |     1 |     1 ||     2
  Eat: Chunk             |     1 |     8 |     6 ||    15
       Ration            |       |       |     1 ||     1
Armor: Leather armour    |    59 |    41 |    30 ||   130
       Skin              |       |       |    27 ||    27
Dodge: Dodged            |    96 |    55 |    45 ||   196
Block: Shield            |       |    43 |    56 ||    99
